 Dungeon Crawl Stone Soup version 0.22-a0-322-g60b3cfd (webtiles) character file.

237 KristoblXynda the Sneak (level 5, -8/41 HPs)
             Began as a Draconian Assassin on Apr 5, 2018.
             Splashed by Ijyb's acid (10 damage)
             ... on level 3 of the Dungeon.
             The game lasted 00:03:42 (2508 turns).

KristoblXynda the Sneak (Draconian Assassin)        Turns: 2508, Time: 00:03:44

Health: -8/41      AC:  2    Str: 13    XL:     5   Next: 77%
Magic:  5/5        EV: 11    Int: 13    God:
Gold:   123        SH:  0    Dex: 12    Spells: 4/4 levels left

rFire    . . .     SeeInvis .   b - +0 blowgun
rCold    . . .     Gourm    .   (no shield)
rNeg     . . .     Faith    .   (armour unavailable)
rPois    .         Spirit   .   (helmet restricted)
rElec    .         Reflect  .   c - +0 cloak
rCorr    .         Harm     .   (no gloves)
MR       .....                  (no boots)
Stlth    +++.......             (no amulet)
HPRegen  0.13/turn              q - ring of wizardry
MPRegen  0.09/turn              (no ring)

@: corroded, drained
A: unfitting armour, cold-blooded, AC +5
a: no special abilities


You were on level 3 of the Dungeon.
You were hungry.

You visited 1 branch of the dungeon, and saw 3 of its levels.

You collected 123 gold pieces.

Inventory:

Hand Weapons
 b - a +0 blowgun (weapon)
 j - a +3 dagger
Missiles
 d - 17 poisoned needles (quivered)
 e - 2 curare-tipped needles
 s - 5 needles of confusion
Armour
 c - a +0 cloak (worn)
Jewellery
 q - a ring of wizardry (left hand)
Scrolls
 a - 2 scrolls of immolation {unknown}
 g - a scroll of fog {unknown}
 h - a scroll of enchant armour {unknown}
 i - 3 scrolls of teleportation {unknown}
 l - a scroll of remove curse {unknown}
 n - a scroll of magic mapping {unknown}
 p - 3 scrolls of identify {unknown}
Potions
 k - a potion of heal wounds {unknown}
 m - a potion of might
 o - 2 potions of curing {unknown}
 r - a potion of lignification {unknown}
 u - a potion of flight {unknown}
Comestibles
 f - 4 rations


   Skills:
 - Level 2.1(1.7) Fighting
 + Level 3.7(3.3) Short Blades
 - Level 2.1(1.7) Throwing
 - Level 0.8(0.4) Dodging
 * Level 5.9(5.4) Stealth


You had 4 spell levels left.
You didn't know any spells.

Dungeon Overview and Level Annotations

Branches:
Dungeon (3/15)

Altars:
Ru

Annotations:
D:3 Grinder, Ijyb


Innate Abilities, Weirdness & Mutations

Your plain brown scales are hard. (AC +5)
You cannot fit into any form of body armour.
You are cold-blooded and may be slowed by cold attacks.


Message History

Level annotation: Grinder, Ijyb
There is a stone staircase leading up here.
Ijyb screams, "Die!"
Ijyb zaps a wand.
The bolt of acid hits you! The acid corrodes you!
You are splashed with acid!
The acid burns!
Firing (i - inventory. (/) - cycle)
d - 19 poisoned needles (quivered)
Press: ? - help, Shift-Dir - straight line, f - Ijyb
Aim: Ijyb, wielding a dagger, wearing a leather armour and carrying a wand of acid (5)
You shoot a poisoned needle. The poisoned needle hits Ijyb.
Ijyb is poisoned.
Firing (i - inventory. (/) - cycle)
d - 18 poisoned needles (quivered)
Press: ? - help, Shift-Dir - straight line, f/p - Ijyb
Aim: Ijyb, wielding a dagger, wearing a leather armour and carrying a wand of acid (5) (poisoned)
You shoot a poisoned needle. The poisoned needle hits Ijyb.
Ijyb looks even sicker.
Ijyb zaps a wand.
The bolt of acid misses you.
Ijyb screams, "Die!"
Ijyb zaps a wand.
The bolt of acid hits you!
* * * LOW HITPOINT WARNING * * *
You are splashed with acid!
The acid burns!
You die...

... ##.# #...#
...####.### ##.#.######
..........# #.........##
....#.#.#.# #.#.#.#.#..#
.......g..###..........#
....#.#.#.##..#.#.#.#..#
...........#...........#
....#.#.#.....#.#.#.#..#
.......@...##..........#
.....#.....#..#.#.#.#..#
####....#..............#
#.#..#...#.#######..#
#.#..#.#.#.# #.##
#....#.#.#.#######.#
##..###.#...........#
##<......##.####.#####
####........##.>##


You could see Ijyb.

Vanquished Creatures
  Sigmund (D:2)
  Terence (D:2)
  An adder (D:2)
  3 dart slugs (D:1)
  An orc (D:3)
  3 giant cockroaches
  6 goblins
  2 hobgoblins
  4 jackals (D:2)
  3 kobolds
  A ball python (D:2)
  2 bats
  2 frilled lizards (D:2)
  7 rats
37 creatures vanquished.

Notes
Turn   | Place    | Note
-------+----------+-------------------------------------------
     0 | D:1      | KristoblXynda the Draconian Assassin began the quest for the Orb.
     0 | D:1      | Reached XP level 1. HP: 17/17 MP: 1/1
   363 | D:1      | Reached XP level 2. HP: 15/24 MP: 2/2
   570 | D:1      | Reached skill level 4 in Stealth
  1095 | D:2      | Noticed Terence
  1151 | D:2      | Killed Terence
  1151 | D:2      | Reached XP level 3. HP: 16/29 MP: 3/3
  1449 | D:2      | Reached XP level 4. HP: 31/36 MP: 4/4
  1517 | D:2      | Found a sacrificial altar of Ru.
  1582 | D:2      | Noticed Sigmund
  1598 | D:2      | Killed Sigmund
  1598 | D:2      | Reached skill level 5 in Stealth
  1598 | D:2      | Reached XP level 5. HP: 15/41 MP: 5/5
  2007 | D:3      | Noticed Grinder
  2210 | D:3      | Noticed Ijyb
  2508 | D:3      | HP: 2/41 [Ijyb/wand of acid (4) (16)]
  2508 | D:3      | Splashed by Ijyb's acid

Vault maps used:
D:1:      dpeg_arrival_radiant
D:2:      lemuel_doored_altar, first_ration, uniq_sigmund, uniq_terence
D:3:      chequers_ecumenical_altar_twisty, serial_glass, glass_columns_a,
          glass_columns_b, glass_columns_b, glass_columns_b, glass_columns_c,
          glass_columns_b, minivault_5, minmay_misc_feat_diagonals, minivault_5,
          moated_statue, uniq_grinder, uniq_ijyb

Skill      XL: |  1  2  3  4 |
---------------+-------------+-----
Throwing       | 2 |  2.1
Stealth        | 4 5 |  5.9
Short Blades   | 3 |  3.7
Fighting       | |  2.1
Dodging        | |  0.8

Action                   |  1- 3 |  4- 6 || total
-------------------------+-------+-------++-------
Melee: Dagger            |    72 |    14 ||    86
       Tailslap          |    10 |       ||    10
 Fire: Blowgun           |     3 |     5 ||     8
  Use: Potion            |       |     1 ||     1
 Stab: Sleeping          |     6 |     3 ||     9
  Eat: Chunk             |     1 |     3 ||     4
Armor: Skin              |    16 |     2 ||    18
Dodge: Dodged            |    30 |     6 ||    36

Table legend:
 A = Spawn XP
 B = Non-spawn XP
 C = Spawn XP percentage of total XP
 D = Spawn monster count
 E = Non-spawn monster count
 F = Spawn count percentage of total count
 G = Total turns spent on level
                    A         B        C        D         E        F      G
               +---------+---------+-------+---------+---------+-------+---------
         Total |       0 |     339 |   0.0 |       0 |      37 |   0.0 |  2508
               +---------+---------+-------+---------+---------+-------+---------
           D:1 |       0 |      28 |   0.0 |       0 |      12 |   0.0 |   978
           D:2 |       0 |     306 |   0.0 |       0 |      23 |   0.0 |  1273
           D:3 |       0 |       5 |   0.0 |       0 |       2 |   0.0 |   257
               +---------+---------+-------+---------+---------+-------+---------
